AoeStats
← Babe_Gutot

Hill Fort

504613866Analyzed
2v2 RM · 26d ago on Sep 5, 2026· 26m 18s· 4 players
Game mode
Random Map
Map size
Medium (4 player)
Population
200
Speed
Normal
Resources
Standard
Victory
Conquest
Starting age
Dark Age
Ending age
Imperial Age
RankedLock teamsTeams togetherTeam positionsShared explorationLock speedFull tech treeHidden civsTurbo modeCheats
Victory
Defeat
🇲🇰 Bulgarians · North Macedonia
735
+23
🇵🇹 Khmer · Portugal
715
+15
🇺🇸 Burmese · United States
714
-15
🇺🇸 Muisca · United States
674
-14
DisgruntledShark
9:31 Loom
12:49 Feudal Age
14:34 Double-Bit Axe
14:31 Horse Collar
14:45 Gold Mining
14:48 Stone Mining
17:49 Fletching
18:33 Padded Archer Armor
25:15 Castle Age
26:13 Thumb Ring
25:29 Crossbowman
26:08 Bodkin Arrow
26:29 Leather Archer Armor
evan.matthew.bishop
2:03 Loom
10:32 Feudal Age
10:59 Horse Collar
11:25 Town Watch
18:05 Wheelbarrow
24:13 Castle Age
22:39 Forging
22:29 Scale Mail Armor
22:20 Fletching
22:23 Stone Mining
SLUG
11:04 Feudal Age
11:45 Horse Collar
11:53 Double-Bit Axe
15:54 Wheelbarrow
19:31 Castle Age
17:37 Gold Mining
18:18 Bloodlines
18:38 Forging
19:03 Scale Barding Armor
21:11 Husbandry
21:38 Bow Saw
23:23 Iron Casting
23:32 Gold Shaft Mining
24:34 Hand Cart
25:00 Chain Barding Armor
Babe_Gutot
11:47 Feudal Age
13:03 Wheelbarrow
12:16 Double-Bit Axe
15:47 Horse Collar
16:39 Stone Mining
18:16 Gold Mining
25:58 Castle Age
Connection lost

Rejoining the realm…

Still unreachable

The connection could not be restored.

Session expired

The server has moved on; the page needs a fresh start.